 Dungeon Crawl Stone Soup version 0.18.1-48-g4cf74bf (webtiles) character file.

105 Alarkh the Shooter (level 4, 0/33 HPs)
             Began as a Mummy Hunter on Aug 11, 2016.
             Slain by an orc wizard
             ... wielding a +0 dagger
              (2 damage)
             ... on level 2 of the Dungeon.
             The game lasted 00:03:22 (2494 turns).

Alarkh the Shooter (Mummy Hunter)                   Turns: 2494, Time: 00:03:23

Health: 0/33       AC:  3    Str: 15    XL:     4   Next: 53%
Magic:  4/4        EV: 11    Int: 11    God:
Gold:   111        SH:  0    Dex: 12    Spells: 0 memorised, 3 levels left

rFire  x . .     SeeInvis +     b - +0 short sword
rCold  + . .     Gourm    .     c - +0 leather armour
rNeg   + + +     Faith    .     (no shield)
rPois  ∞         Spirit   .     (no helmet)
rElec  .         Dismiss  .     (no cloak)
rCorr  .         Reflect  .     (no gloves)
SustAt .         Harm     .     (no boots)
MR     .....                    (no amulet)
Stlth  +.........               (no ring)
                                j - ring of see invisible

@: not resistant to hostile enchantments, very unstealthy
A: no food or potions, fire vulnerability, cold resistance 1, negative energy
resistance 3, torment resistance, unbreathing
a: no special abilities


You were on level 2 of the Dungeon.
You were not hungry.

You visited 1 branch of the dungeon, and saw 3 of its levels.

You collected 111 gold pieces.

Inventory:

Hand Weapons
 a - a +1 shortbow
 b - a +0 short sword (weapon)
Missiles
 d - 3 arrows
Armour
 c - a +0 leather armour (worn)
Jewellery
 j - a ring of see invisible (left hand)
Wands
 k - a wand of enslavement (10/24)
Scrolls
 e - a scroll of teleportation {unknown}
 f - 2 scrolls of noise
 g - a scroll of enchant weapon {unknown}
 h - a scroll of enchant armour {unknown}
 i - 2 scrolls of random uselessness {unknown}


   Skills:
 - Level 2.0 Fighting
 + Level 5.0 Bows
 - Level 1.5 Dodging
 - Level 0.7 Stealth


You had 3 spell levels left.
You didn't know any spells.

Dungeon Overview and Level Annotations

Branches:
Dungeon (3/15)

Altars:
Dithmenos


Innate Abilities, Weirdness & Mutations

You do not eat or drink.
Your flesh is vulnerable to fire.
You are immune to poison.
Your flesh is cold resistant.
You are immune to negative energy.
You are immune to unholy pain and torment.
You can survive without breathing.


Message History

The orc wizard is moderately wounded.
The orc wizard hits you with a dagger.
You hit the orc wizard.
The orc wizard is heavily wounded.
The orc wizard hits you but does no damage.
The orc wizard barely misses you.
You barely miss the orc wizard.
The orc wizard is heavily wounded.
The orc wizard hits you but does no damage.
The orc wizard casts a spell at you. The magic dart hits you!
* * * LOW HITPOINT WARNING * * *
You hit the orc wizard but do no damage.
The orc wizard is heavily wounded.
The orc wizard hits you with a dagger.
* * * LOW HITPOINT WARNING * * *
You barely miss the orc wizard.
The orc wizard is heavily wounded.
The orc wizard hits you with a dagger.
You die...

#.#.####.##..#.#..........##.....
#............#.....##..........†.
###.......#...................#'#
# #.##(..........................
###.....#.<....#.#.......##......
.........................##......
...........(.............##......
.............†...o..#.#..##......
..#....#...###..@................
..#........###...................
..'.........<...........#........
..#..............................
.................................
.............##..................
.....#.....................%.....
#.......................#####....
.......#.........................


You could see an orc wizard.

Vanquished Creatures
  2 adders
  An ooze (D:2)
  3 worms (D:2)
  2 dart slugs (D:1)
  4 giant geckos
  4 orcs (D:3)
  5 bats
  A giant cockroach (D:1)
  5 goblins
  8 hobgoblins
  4 jackals (D:2)
  A ball python (D:2)
  3 giant newts
  10 kobolds
  8 rats
61 creatures vanquished.

Notes
Turn   | Place    | Note
--------------------------------------------------------------
     0 | D:1      | Alarkh the Mummy Hunter began the quest for the Orb.
     0 | D:1      | Reached XP level 1. HP: 16/16 MP: 1/1
   136 | D:1      | Reached XP level 2. HP: 21/22 MP: 2/2
   296 | D:1      | Reached skill level 4 in Bows
   459 | D:1      | Reached XP level 3. HP: 26/27 MP: 3/3
  1415 | D:2      | Reached XP level 4. HP: 33/33 MP: 4/4
  1442 | D:2      | Found a shadowy altar of Dithmenos.
  1769 | D:2      | Found a shadowy altar of Dithmenos.
  2263 | D:2      | Reached skill level 5 in Bows
  2494 | D:2      | Slain by an orc wizard

Skill      XL: |  1  2  3  4 |
---------------+-------------+-----
Bows           | 4 5 |  5.0
Fighting       | |  2.0
Dodging        | |  1.5
Stealth        | |  0.7

Action                   |  1- 3 |  4- 6 || total
-------------------------+-------+-------++-------
Melee: Short sword       |   102 |    59 ||   161
 Fire: Shortbow          |    35 |    41 ||    76
  Use: Scroll            |       |     1 ||     1
Armor: Leather armour    |    31 |    13 ||    44
Dodge: Dodged            |    65 |    41 ||   106
